 Dungeon Crawl Stone Soup version 0.24-a0-640-ge7cd8ce796 (webtiles) character file.

Game seed: 10075647197093562259, levelgen mode: deterministic

178 Gynju the Magician (level 5, -8/28 HPs)
             Began as a Deep Elf Ice Elementalist on Sept 25, 2019.
             Mangled by a crocodile (19 damage)
             ... on level 3 of the Dungeon.
             The game lasted 00:06:27 (4277 turns).

Gynju the Magician (Deep Elf Ice Elementalist)      Turns: 4277, Time: 00:06:28

Health: -8/28      AC:  2    Str:  5    XL:     5   Next: 32%
Magic:  11/15      EV: 13    Int: 21    God:
Gold:   208        SH:  0    Dex: 15    Spells: 14/15 levels left

rFire    . . .     SeeInvis .   u - -1 whip (curse)
rCold    . . .     Gourm    .   (no shield)
rNeg     . . .     Faith    .   a - +0 robe
rPois    .         Spirit   .   (no helmet)
rElec    .         Reflect  .   (no cloak)
rCorr    .         Harm     .   (no gloves)
MR       +....                  (no boots)
Stlth    ++........             (no amulet)
HPRegen  0.09/turn              d - ring of protection from magic
MPRegen  0.14/turn              (no ring)

@: no status effects
A: no striking features
a: no special abilities


You were on level 3 of the Dungeon.
You were near starving.

You visited 1 branch of the dungeon, and saw 3 of its levels.

You collected 208 gold pieces.

Inventory:

Hand Weapons
 f - a +0 mace
 u - a cursed -1 whip (weapon)
Missiles
 h - 123 stones (quivered)
Armour
 a - a +0 robe (worn)
Jewellery
 d - a ring of protection from magic (left hand)
 q - an uncursed ring of wizardry {unknown}
 w - an uncursed amulet of faith {unknown}
Scrolls
 e - 2 scrolls of teleportation {unknown}
 g - a scroll of random uselessness {unknown}
 l - 2 scrolls of enchant armour {unknown}
 n - 2 scrolls of identify {unknown}
 o - 2 scrolls of amnesia {unknown}
 p - 2 scrolls of magic mapping {unknown}
 r - 2 scrolls of blinking {unknown}
 s - a scroll of immolation {unknown}
Potions
 b - a potion of resistance {unknown}
 i - a potion of haste {unknown}
 j - a potion of might {unknown}
 k - 2 potions of curing {unknown}
 m - a potion of heal wounds {unknown}
 t - 2 potions of degeneration {unknown}
 v - a potion of agility {unknown}
Comestibles
 c - 5 rations


   Skills:
 + Level 3.0 Dodging
 - Level 2.4 Stealth
 * Level 5.5 Spellcasting
   Level 1.1 Conjurations
 * Level 5.1 Ice Magic


You had 14 spell levels left.
You knew the following spells:

 Your Spells              Type           Power        Failure   Level  Hunger
a - Freeze                Ice            ####         1%          1    None

Your spell library contained the following spells:

 Spells                   Type           Power        Failure   Level  Hunger
 Throw Frost              Conj/Ice       ###...       4%          2    None
 Ozocubu's Armour         Chrm/Ice       ###.....     11%         3    ##.....
 Throw Icicle             Conj/Ice       ###.....     28%         4    ####...
 Summon Ice Beast         Ice/Summ       ###.....     34%         4    ####...


Dungeon Overview and Level Annotations

Branches:
Dungeon (3/15)

Altars:
Elyvilon
Wu Jian
Yredelemnul


Message History

The crocodile seems to slow down.
Casting: Freeze (safe; 1% risk of failure)
Confirm with . or Enter, or press ? or * to list all spells.
Aiming: Freeze (safe; 1% risk of failure)
Press: ? - help, Shift-Dir - straight line, f/p - crocodile
Aim: a crocodile (heavily wounded, slow)
You freeze the crocodile.
The crocodile is severely wounded.
The crocodile bites you!
Ouch! That really hurt!
Casting: Freeze (safe; 1% risk of failure)
Confirm with . or Enter, or press ? or * to list all spells.
Aiming: Freeze (safe; 1% risk of failure)
Press: ? - help, Shift-Dir - straight line, f/p - crocodile
Aim: a crocodile (severely wounded, slow)
You freeze the crocodile!
The crocodile is almost dead.
The crocodile seems to slow down.
The crocodile bites you!!
Ouch! That really hurt!
You die...

#.......## ## ##.....##
# ##...## # ##'## # #.#
# #.# #
##########.###### #
##.##...............# #
#......@####.....##.####
......#t# ##...###.....
..... #.# ##.## ######
.... #.# ### #.. #.# ##
#.# ..# ###


You could see a crocodile.

Vanquished Creatures
  6 adders
  3 gnolls (D:3)
  2 oozes
  An adder skeleton (D:3)
  2 worms
  A leopard gecko (D:1)
  3 orcs (D:3)
  4 giant cockroaches
  6 goblins
  7 hobgoblins
  7 jackals
  5 bats
  13 frilled lizards
  13 kobolds
  5 rats
  A spectral orc (D:3)
79 creatures vanquished.

Notes
Turn   | Place    | Note
-------+----------+-------------------------------------------
     0 | D:1      | Gynju the Deep Elf Ice Elementalist began the quest for the
                  | Orb.
     0 | D:1      | Reached XP level 1. HP: 10/10 MP: 6/6
   283 | D:1      | Reached XP level 2. HP: 15/15 MP: 5/8
  1138 | D:1      | Reached XP level 3. HP: 9/19 MP: 6/10
  2176 | D:2      | Reached XP level 4. HP: 23/24 MP: 10/12
  2199 | D:2      | Found an ornate altar of the Wu Jian Council.
  2790 | D:3      | Found a basalt altar of Yredelemnul.
  2899 | D:3      | Reached skill level 5 in Spellcasting
  3135 | D:3      | Reached skill level 5 in Ice Magic
  3135 | D:3      | Reached XP level 5. HP: 21/28 MP: 6/14
  3363 | D:3      | Found a white marble altar of Elyvilon.
  4272 | D:3      | Noticed a crocodile
  4277 | D:3      | Mangled by a crocodile

Levels and vault maps discovered:
D:1:      sevenhm_arrival_forest_fort_small_4, layout_basic, minmay_lizard_king
D:2:      layout_rooms, nicolae_overflow_crystal_walls
D:3:      layout_loops_corners, yredelemnul_forgotten_temple_becter,
          first_ration, elyvilon_altar_5

Skill      XL: |  1  2  3  4  5 |
---------------+----------------+-----
Spellcasting   | 4 5 |  5.5
Ice Magic      | 4 5 |  5.1
Dodging        | 3 |  3.0
Stealth        | |  2.4
Conjurations   | |  1.1

Action                   |  1- 3 |  4- 6 || total
-------------------------+-------+-------++-------
Melee: Unarmed           |     2 |       ||     2
       Mace              |    11 |    11 ||    22
       Whip              |       |    10 ||    10
Throw: Stone             |    16 |     1 ||    17
 Cast: Freeze            |    70 |    79 ||   149
  Eat: Chunk             |     4 |     4 ||     8
Armor: Robe              |    17 |    12 ||    29
Dodge: Dodged            |    57 |    51 ||   108

Table legend:
 A = Non-vault XP
 B = Vault XP
 C = Vault XP percentage of total XP
 D = Non-vault monster count
 E = Vault monster count
 F = Vault count percentage of total count
                 A         B        C        D         E       F
            +---------+---------+-------+---------+---------+-------
      Total |     241 |      14 |   5.5 |      67 |      12 |  15.2
            +---------+---------+-------+---------+---------+-------
        D:1 |      46 |      13 |  22.0 |      22 |      11 |  33.3
        D:2 |      56 |       0 |   0.0 |      22 |       0 |   0.0
        D:3 |     139 |       1 |   0.7 |      23 |       1 |   4.2
            +---------+---------+-------+---------+---------+-------
